 Dungeon Crawl Stone Soup version 0.30-a0-737-gf23d94013f (webtiles) character file.

Game seed: 236925648062748328

429 retardedninja the Covered (level 6, -1/40 HPs)
             Began as a Gargoyle Fighter on Feb 1, 2023.
             Was an Initiate of Gozag.
             Slain by a mummy (10 damage)
             ... in an ossuary on Feb 2, 2023.
             The game lasted 00:05:14 (3344 turns).

retardedninja the Covered (Gargoyle Fighter)        Turns: 3344, Time: 00:05:14

Health: -1/40      AC: 13    Str: 22    XL:     6   Next: 98%
Magic:  6/6        EV:  9    Int:  8    God:    Gozag
Gold:   280        SH:  4    Dex:  9    Spells: 5/5 levels left

rFire   . . .      SeeInvis .    a - +0 flail
rCold   . . .      Faith    .    c - +0 buckler
rNeg    + . .      Spirit   .    b - +0 scale mail
rPois   ∞          Reflect  .    f - +2 hat
rElec   +          Harm     .    (no cloak)
rCorr   .          Rampage  .    (no gloves)
Will    .....                    (no boots) Stlth
                                 (no amulet)
HPRegen 0.26/turn                (no ring)
MPRegen 0.10/turn                (no ring)

@: mighty, gold aura
A: sickness immunity, AC +4, negative energy resistance 1, electricity
resistance, torment resistance 1, petrification resistance
a: Renounce Religion, Potion Petition, Call Merchant, Bribe Branch


You were in an ossuary.
You worshipped Gozag.
Gozag was aware of your devotion.
You visited 1 branch of the dungeon, and saw 4 of its levels.
You also visited: Ossuary.

You collected 363 gold pieces.
You paid 83 gold pieces to Gozag.

Inventory:

Hand Weapons
 a - a +0 flail (weapon)
Armour
 b - a +0 scale mail (worn)
 c - a +0 buckler (worn)
 f - a +2 hat (worn)
Jewellery
 j - a +6 ring of dexterity
 q - a +4 ring of slaying
Wands
 k - a wand of flame (6)
 t - a wand of paralysis (6)
Scrolls
 e - a scroll of magic mapping
 g - a scroll of enchant armour {unknown}
 h - a scroll of poison {unknown}
 i - a scroll of brand weapon {unknown}
 m - 2 scrolls of teleportation
 o - a scroll of fear {unknown}
 r - 2 scrolls of identify {unknown}
Potions
 l - a potion of heal wounds
 n - a potion of degeneration {unknown}
 p - a potion of brilliance {unknown}
 s - a potion of flight {unknown}


   Skills:
 + Level 5.0 Fighting
 + Level 3.9 Maces & Flails
 + Level 5.0 Armour
 + Level 5.0 Shields


You had 5 spell levels left.
You didn't know any spells.
Your spell library contained the following spells:

 Spells                   Type           Power      Damage    Failure   Level
 Kiss of Death            Conj/Necr      0%         2d5       80%         1
 Confusing Touch          Hex            0%         N/A       99%         3
 Dispel Undead            Necr           0%         3d6       100%        4


Dungeon Overview and Level Annotations

Branches:
Dungeon (4/15)            Ossuary (1/1)
 Temple: D:4-7

Altars:
Gozag
Ru
Sif Muna
The Shining One

Shops:
D:1 :?[   D:3 [(:


Innate Abilities, Weirdness & Mutations

You are immune to sickness and miasma.
Your stone body is resilient. (AC +4)
You are immune to poison.
You resist negative energy. (rN+)
You are resistant to electric shocks. (rElec)
You are resistant to unholy torment.
You are immune to petrification.


Message History

You hit the mummy but do no damage. The mummy completely misses you.
You hit the mummy.
The mummy is lightly damaged.
You barely miss the mummy.
The mummy is lightly damaged.
The mummy barely misses you.
You sock the mummy!
The mummy is severely damaged.
You hit the mummy.
The mummy is lightly damaged.
The mummy hits you!
You hit the mummy.
The mummy is moderately damaged.
The mummy barely misses you.
You hit the mummy but do no damage.
The mummy is moderately damaged.
The mummy hits you! You block the mummy's attack.
You hit the mummy.
The mummy is heavily damaged.
The mummy hits you. You block the mummy's attack.
The mummy hits you but does no damage.
Okay, then.
It was a potion of heal wounds.
You feel much better.
You feel very mighty all of a sudden. You block the mummy's attack.
The mummy hits you.
You barely miss the mummy.
The mummy is moderately damaged.
The mummy hits you.
You barely miss the mummy.
The mummy is moderately damaged.
The mummy hits you.
You hit the mummy.
The mummy is severely damaged.
The mummy hits you! x2
* * * LOW HITPOINT WARNING * * *
You sock the mummy!
You destroy the mummy!
The mummy hits you!
You die...
Your body crumbles into a pile of gold.

#...# #. #...# #.
#...# #. #...# #.
#'### ## #...# #.
#...# ##### #####.
#...#...#?!!!#...#.
#.@$'.∩.+!?)?#.∩.'.
#..M#...#!?!?#...#.
##### ##### ######


You could see a mummy.

Vanquished Creatures
  4 water moccasin zombies (Ossuary)
  A mummy (Ossuary)
  7 gnolls
  4 adders
  4 adder zombies (Ossuary)
  A dart slug (D:3)
  An orc (D:3)
  9 ball pythons
  4 endoplasms
  5 giant cockroaches
  2 gnoll zombies (Ossuary)
  3 goblins
  9 hobgoblins
  A quokka (D:4)
  6 bats
  3 frilled lizards
  6 hobgoblin zombies (Ossuary)
  7 kobolds
  A kobold zombie (Ossuary)
  7 orc zombies (Ossuary)
  13 rats
98 creatures vanquished.

Notes
Turn   | Place    | Note
-------+----------+-------------------------------------------
     0 | D:1      | retardedninja the Gargoyle Fighter began the quest for the
                  | Orb.
     0 | D:1      | Reached XP level 1. HP: 14/14 MP: 1/1
    83 | D:1      | Reached XP level 2. HP: 19/19 MP: 2/2
   105 | D:1      | Found Rierchie's Magic Scroll Emporium.
   196 | D:1      | Found Zoraff's Book Boutique.
   343 | D:1      | Found Balo's Distillery.
   457 | D:1      | Reached XP level 3. HP: 19/23 MP: 3/3
   597 | D:1      | Found Yhenot's Antique Armour Shop.
  1264 | D:2      | Reached XP level 4. HP: 21/29 MP: 4/4
  1526 | D:3      | Found Utiamp's Book Boutique.
  1636 | D:3      | Found Uttisoek's Weapon Shop.
  1651 | D:3      | Found Katomm's Armour Emporium.
  2118 | D:3      | Reached XP level 5. HP: 33/33 MP: 5/5
  2420 | D:3      | Found a shimmering blue altar of Sif Muna.
  2420 | D:3      | Found a sacrificial altar of Ru.
  2759 | D:4      | Found an opulent altar of Gozag.
  2771 | D:4      | Became a worshipper of Gozag Ym Sagoz the Greedy
  2810 | D:4      | Found a glowing golden altar of the Shining One.
  2822 | D:4      | Found a sand-covered staircase.
  2845 | Ossuary  | Entered an ossuary
  2932 | Ossuary  | Reached XP level 6. HP: 36/39 MP: 6/6
  3014 | Ossuary  | Reached skill level 5 in Fighting
  3014 | Ossuary  | Reached skill level 5 in Armour
  3014 | Ossuary  | Reached skill level 5 in Shields
  3344 | Ossuary  | Slain by a mummy

Illustrated notes

Levels and vault maps discovered:
D:1:      psy_arrival_basics, layout_loops_ring, serial_shops,
          nicolae_shop_advertising_works [nicolae_subvault_shop_adworks], shop,
          shop_statue, shop, skrybe_limestone_x, st_stairs_9
D:2:      minmay_skewed_foursquare, layout_loops_ring
D:3:      layout_loops_ring, chequers_temple_overflow_statue_of_worship,
          serial_shops, shop, nicolae_shop_waterfront, shop,
          minmay_misc_feat_more_columns, hex_tiny
D:4:      layout_gridville, nicolae_gozag_cash_rules_everything_around_me,
          lemuel_tele_altar, gammafunk_ghost_cemetery, enter_ossuary_1
Ossuary:  ossuary_tomb_2

Skill      XL: |  1  2  3  4  5  6 |
---------------+-------------------+-----
Armour         | 4 5 |  5.0
Shields        | 4 5 |  5.0
Fighting       | 4 5 |  5.0
Maces & Flails | 3 |  3.9

Action                     |  1- 3 |  4- 6 || total
---------------------------+-------+-------++-------
  Melee: Flail             |   150 |   212 ||   362
  Evoke: Wand              |       |     3 ||     3
    Use: Potion            |     2 |     4 ||     6
         Scroll            |       |     2 ||     2
   Stab: Distracted        |       |     2 ||     2
 Armour: Scale mail        |   122 |   103 ||   225
  Dodge: Dodged            |   106 |    91 ||   197
  Block: Buckler           |    45 |    52 ||    97

Table legend: (Time is in decaauts)
 A = Elapsed time spent in this place.
 B = Non-inter-level travel time spent in this place.
 C = Inter-level travel time spent in this place.
 D = Time resting spent in this place.
 E = Time spent auto-exploring this place.
 F = Levels seen in this place.
 G = Mean time per level.
                   A        B        C        D        E       F      G
               +--------+--------+--------+--------+--------+-----+--------+
         Total |   3452 |   3307 |    145 |    975 |   1481 |   5 |  690.4 |
       Dungeon |   2924 |   2779 |    145 |    677 |   1421 |   4 |  731.0 |
       Ossuary |    528 |    528 |      0 |    298 |     60 |   1 |  528.0 |
               +--------+--------+--------+--------+--------+-----+--------+

Top non-repeatable levels by time:
     D:3: 1277 daAuts
     D:1: 822 daAuts
     D:2: 727 daAuts
 Ossuary: 528 daAuts
     D:4: 95 daAuts
